 Dungeon Crawl Stone Soup version 0.29-a0-506-ga2e7fffb44 (webtiles) character file.

Game seed: 16169333528567776112

158 Sobieck the Bolt Thrower (level 5, 0/42 HPs)
             Began as a Human Hunter on May 28, 2022.
             Slain by a kobold brigand
             ... wielding a +0 dagger
              (8 damage)
             ... in a sewer.
             The game lasted 00:05:37 (2125 turns).

Sobieck the Bolt Thrower (Human Hunter)             Turns: 2125, Time: 00:05:38

Health: 0/42       AC:  4    Str: 13    XL:     5   Next: 66%
Magic:  5/5        EV: 12    Int: 10    God:
Gold:   134        SH:  0    Dex: 16    Spells: 4/4 levels left

rFire   . . .      SeeInvis +   a - +1 hand crossbow {crossbow}
rCold   . . .      Faith    .   (no shield)
rNeg    . . .      Spirit   .   i - +0 leather armour
rPois   .          Reflect  .   j - +0 helmet
rElec   .          Harm     .   (no cloak)
rCorr   .          Rampage  .   (no gloves)
Will    .....                   (no boots)
Stlth   ++........              (no amulet)
HPRegen 0.14/turn               o - ring of see invisible
MPRegen 0.09/turn               (no ring)

@: no status effects
A: no striking features
a: no special abilities


You were in a sewer.
You visited 1 branch of the dungeon, and saw 3 of its levels.
You also visited: Sewer.

You collected 134 gold pieces.


   Skills:
 - Level 4.0 Fighting
 + Level 5.4 Crossbows
 - Level 2.0 Dodging
 - Level 1.0 Stealth


You had 4 spell levels left.
You didn't know any spells.
Your spell library was empty.

Inventory:

Hand Weapons
 a - a +1 hand crossbow (weapon) {crossbow}
 b - a +2 short sword of protection {short}
   (You took it off a kobold on level 1 of the Dungeon)
 d - a +0 dagger {short}
   (You took it off a kobold on level 1 of the Dungeon)
Missiles
 m - 65 stones {throwing}
 q - 2 poisoned darts {throwing}
Armour
 g - a +0 robe
   (You found it on level 1 of the Dungeon)
 i - a +0 leather armour (worn)
 j - a +0 helmet (worn)
   (You found it on level 1 of the Dungeon)
 l - a +0 leather armour
   (You found it on level 2 of the Dungeon)
 n - a +0 ring mail
   (You found it on level 2 of the Dungeon)
 p - a +0 leather armour
   (You found it on level 2 of the Dungeon)
Jewellery
 o - a ring of see invisible (left hand)
   (You found it on level 2 of the Dungeon)
Scrolls
 c - 2 scrolls of immolation {!r!r}
 e - 4 scrolls of identify {unknown}
 s - a scroll of fog {unknown}
 u - a scroll of poison {unknown}
Potions
 f - a potion of heal wounds {unknown}
 h - a potion of haste {unknown}
 k - a potion of lignification {unknown}
 r - a potion of brilliance {unknown}
 t - a potion of resistance {unknown}

Dungeon Overview and Level Annotations

Branches:
Dungeon (3/15)              Sewer (1/1)

Altars:
############################### #.....÷∩∩....)@K≈≈≈≈≈≈≈≈≈≈≈≈≈≈≈ ###############################

You could see a kobold brigand.


Message History

That would be overly suicidal.
Okay, then.
Unknown command.
Unknown command.
You start resting.
Unknown command.
There is an empty arch of ancient stone, spattered with blood here.
You see here a rat skeleton.
You see here a rat skeleton.
Saving game... please wait. 🤖 Initializing magus.rc ...
Options error: Bad monster_list_colour key: strict_neutral (~/.crawlrc:4811) Bad channel name for runrest: 'pray:' ✅ Successfully initialized magus_sobieck.rc [v0.0.2] Welcome back, Sobieck the Human Hunter.
Press ? for a list of commands and other information.
Unknown command.
You see here a +0 dagger {short}.
You enter the shallow water.
Moving in this stuff is going to be slow.
Danger!
You shoot a bolt. The kobold brigand shouts!
The bolt hits the kobold brigand but does no damage.
A kobold brigand comes into view.
It is wielding a +0 dagger and quivering poisoned darts.
You shoot a bolt. The kobold brigand shouts!
The bolt hits the kobold brigand.
You hear a shout!
You shoot a bolt.
The bolt closely misses the kobold brigand.
You shoot a bolt.
The bolt hits the kobold brigand but does no damage.
You shoot a bolt. The bolt hits the kobold brigand.
You shoot a bolt. The bolt hits the kobold brigand.
You shoot a bolt. The bolt hits the kobold brigand!
The kobold brigand hits you with a +0 whip.
You shoot a bolt. The bolt hits the kobold brigand.
The kobold brigand closely misses you.
You shoot a bolt.
The bolt closely misses the kobold brigand.
The bolt misses the kobold brigand.
The kobold brigand splashes around in the water.
You shoot a bolt.
The bolt closely misses the kobold brigand.
The bolt hits the kobold brigand.
The kobold brigand barely misses you. The kobold brigand closely misses you.
You shoot a bolt. The bolt misses the kobold brigand.
The bolt hits the kobold brigand!
The kobold brigand misses you.
You shoot a bolt. The bolt hits the kobold brigand!
The kobold brigand splashes around in the water.
You shoot a bolt. The bolt hits the kobold brigand.
You kill the kobold brigand!
You hear a splash. x2
Training target 4.0 for Fighting reached!
Your Fighting skill increases to level 4!
Your Crossbows skill increases to level 5!
You have reached level 5!
You shoot a bolt. The bolt hits the kobold brigand!
The kobold brigand hits you with a +0 dagger.
You shoot a bolt.
The bolt hits the kobold brigand but does no damage.
The kobold brigand barely misses you.
You shoot a bolt.
The bolt barely misses the kobold brigand.
The kobold brigand splashes around in the water.
The kobold brigand hits you with a +0 dagger.
You are too injured to fight recklessly!
You are too injured to fight recklessly!
You are too injured to fight recklessly!
You are too injured to fight recklessly!
The kobold brigand hits you but does no damage.
The kobold brigand misses you.
The kobold brigand hits you with a +0 dagger.
The kobold brigand barely misses you. The kobold brigand barely misses you.
The kobold brigand closely misses you.
The kobold brigand hits you with a +0 dagger.
The kobold brigand barely misses you.
The kobold brigand hits you with a +0 dagger.
The kobold brigand hits you but does no damage.
The kobold brigand hits you but does no damage.
The kobold brigand hits you with a +0 dagger.
The kobold brigand hits you with a +0 dagger!
* * * LOW HITPOINT WARNING * * *
The kobold brigand splashes around in the water.
The kobold brigand hits you but does no damage.
The kobold brigand barely misses you.
The kobold brigand completely misses you.
The kobold brigand splashes around in the water.
The kobold brigand hits you with a +0 dagger.
* * * LOW HITPOINT WARNING * * *
The kobold brigand splashes around in the water.
The kobold brigand barely misses you.
The kobold brigand hits you with a +0 dagger.
* * * LOW HITPOINT WARNING * * *
The kobold brigand hits you with a +0 dagger.
* * * LOW HITPOINT WARNING * * *
The kobold brigand hits you with a +0 dagger!
You die...

Skill      XL: |  1  2  3  4 |
---------------+-------------+-----
Fighting       | 3 4 |  4.0
Crossbows      | 5 |  5.4
Dodging        | |  2.0
Stealth        | |  1.0

Action                   |  1- 3 |  4- 6 || total
-------------------------+-------+-------++-------
Melee: Short sword       |    23 |       ||    23
       Punch             |     1 |       ||     1
 Fire: Hand crossbow     |    50 |    77 ||   127
Armor: Leather armour    |    18 |    11 ||    29
Dodge: Dodged            |    31 |    35 ||    66

Levels and vault maps discovered:
D:1:      roderic_dead_forest, layout_basic, dreamdust_ecumenical_altar_grove,
          st_stairs_11
D:2:      layout_basic, chequers_serial_rivers_micro_a
D:3:      layout_loops_ring, elyvilon_altar_4, portal_sewer_entry_b,
          minmay_misc_feat_ornament, chequers_garden, nicolae_wormholes,
          uniq_ijyb, uniq_jessica, uniq_grinder
Sewer:    sewer_kobolds

Notes
Turn   | Place    | Note
-------+----------+-------------------------------------------
     0 | D:1      | Sobieck the Human Hunter began the quest for the Orb.
     0 | D:1      | Reached XP level 1. HP: 16/16 MP: 1/1
   154 | D:1      | Found a faded altar of an unknown god.
   175 | D:1      | Reached skill level 3 in Fighting
   175 | D:1      | Reached XP level 2. HP: 18/24 MP: 2/2
   340 | D:1      | Reached XP level 3. HP: 29/29 MP: 3/3
   817 | D:2      | Reached XP level 4. HP: 35/35 MP: 4/4
  1649 | D:3      | Found a glowing drain.
  1659 | Sewer    | Entered a sewer
  1864 | Sewer    | Noticed a kobold brigand
  2071 | Sewer    | Noticed a kobold brigand
  2098 | Sewer    | Killed a kobold brigand
  2099 | Sewer    | Reached skill level 4 in Fighting
  2099 | Sewer    | Reached skill level 5 in Crossbows
  2099 | Sewer    | Reached XP level 5. HP: 39/42 MP: 5/5
  2124 | Sewer    | HP: 8/42 [kobold brigand/+0 dagger (6)]
  2125 | Sewer    | Slain by a kobold brigand

Vanquished Creatures
  A kobold brigand (Sewer)
  A gnoll (D:1)
  An adder (D:2)
  2 river rats
  2 dart slugs (D:1)
  An endoplasm (D:2)
  2 giant cockroaches
  3 goblins
  6 hobgoblins
  4 jackals
  2 quokkas
  4 ball pythons
  5 bats
  A frilled lizard (D:1)
  4 kobolds
  12 rats
51 creatures vanquished.

Vanquished Creatures (others)
  A plant (D:1)
1 creature vanquished.

Grand Total: 52 creatures vanquished

Table legend:
 A = Non-vault XP
 B = Vault XP
 C = Vault XP percentage of total XP
 D = Non-vault monster count
 E = Vault monster count
 F = Vault count percentage of total count
                 A         B        C        D         E       F
            +---------+---------+-------+---------+---------+-------
      Total |      77 |     149 |  65.9 |      30 |      21 |  41.2
            +---------+---------+-------+---------+---------+-------
        D:1 |      49 |       6 |  10.9 |      20 |       4 |  16.7
        D:2 |      24 |       0 |   0.0 |       8 |       0 |   0.0
        D:3 |       4 |      20 |  83.3 |       2 |       7 |  77.8
      Sewer |       0 |     123 | 100.0 |       0 |      10 | 100.0
            +---------+---------+-------+---------+---------+-------

Illustrated notes

Table legend:
 A = Kills in this place as a percentage of kills in entire the game.
 B = Kills by you in this place as a percentage of kills by you in the entire game.
 C = Kills by friends in this place as a percentage of kills by friends in the entire game.
 D = Other kills in this place as a percentage of other kills in the entire game.
 E = Experience gained in this place as a percentage of experience gained in the entire game.
 F = Experience gained in this place divided by the number of levels of this place that you have seen.
                   A       B       C       D       E      F
               +-------+-------+-------+-------+-------+----------------------
         Total | 100.0 | 100.0 |   N/A |   N/A | 100.0 |  56.5
       Dungeon |  80.4 |  80.4 |   N/A |   N/A |  45.6 |  34.3
         Sewer |  19.6 |  19.6 |   N/A |   N/A |  54.4 | 123.0
               +-------+-------+-------+-------+-------+----------------------

Table legend: (Time is in decaauts)
 A = Elapsed time spent in this place.
 B = Non-inter-level travel time spent in this place.
 C = Inter-level travel time spent in this place.
 D = Time resting spent in this place.
 E = Time spent auto-exploring this place.
 F = Levels seen in this place.
 G = Mean time per level.
                   A        B        C        D        E       F      G
               +--------+--------+--------+--------+--------+-----+--------+
         Total |   2214 |   2180 |     34 |    456 |   1227 |   4 |  553.5 |
       Dungeon |   1690 |   1656 |     34 |    152 |   1227 |   3 |  563.3 |
         Sewer |    524 |    524 |      0 |    304 |      0 |   1 |  524.0 |
               +--------+--------+--------+--------+--------+-----+--------+

Top non-repeatable levels by time:
     D:1: 790 daAuts
     D:2: 733 daAuts
   Sewer: 524 daAuts
     D:3: 165 daAuts
